 Dungeon Crawl Stone Soup version 0.28-a0-863-g8cecda6153 (webtiles) character file.

Game seed: 2241863858987320022

52 vineage the Skirmisher (level 3, -1/30 HPs)
             Began as a Demonspawn Gladiator on Nov 18, 2021.
             Slain by a gnoll (7 damage)
             ... on level 2 of the Dungeon.
             The game lasted 00:01:29 (1509 turns).

vineage the Skirmisher (Demonspawn Gladiator)       Turns: 1509, Time: 00:01:30

Health: -1/30      AC:  4    Str: 15    XL:     3   Next: 60%
Magic:  3/3        EV: 12    Int:  9    God:
Gold:   81         SH:  4    Dex: 14    Spells: 2/2 levels left

rFire   . . .      SeeInvis .   a - +0 war axe
rCold   . . .      Faith    .   (no shield)
rNeg    . . .      Spirit   .   b - +0 leather armour
rPois   .          Reflect  .   c - +0 helmet
rElec   .          Harm     .   (no cloak)
rCorr   +          Rampage  .   (no gloves)
Will    .....                   (no boots)
Stlth   +.........              (no amulet)
HPRegen 0.10/turn               j - ring of flight
MPRegen 0.08/turn               l - ring of resist corrosion

@: flying
A: large bone plates 1
a: no special abilities


You were on level 2 of the Dungeon.
You visited 1 branch of the dungeon, and saw 2 of its levels.

You collected 81 gold pieces.

Inventory:

Hand Weapons
 a - a +0 war axe (weapon)
Missiles
 d - 3 throwing nets (quivered)
Armour
 b - a +0 leather armour (worn)
 c - a +0 helmet (worn)
Jewellery
 h - an amulet of faith
 j - a ring of flight (left hand)
 l - a ring of resist corrosion (right hand)
Scrolls
 e - a scroll of brand weapon {unknown}
 f - a scroll of noise
Potions
 k - a potion of curing


   Skills:
 + Level 4.0 Fighting
 - Level 2.6 Axes
 - Level 1.7 Throwing
 - Level 2.6 Dodging


You had 2 spell levels left.
You didn't know any spells.
Your spell library was empty.

Dungeon Overview and Level Annotations

Branches:
Dungeon (2/15)

Altars:


Innate Abilities, Weirdness & Mutations

You are partially covered in large bone plates. (SH +4)


Message History

You are too injured to fight recklessly!
You are too injured to fight recklessly!
You are too injured to fight recklessly!
You are too injured to fight recklessly!
You are too injured to fight recklessly!
You are too injured to fight recklessly!
You are too injured to fight recklessly!
You are too injured to fight recklessly!
You are too injured to fight recklessly!
You are too injured to fight recklessly!
You are too injured to fight recklessly!
You are too injured to fight recklessly!
The gnoll closely misses you.
You hit the gnoll.
The gnoll is heavily wounded.
The gnoll hits you but does no damage.
You hit the gnoll.
The gnoll is lightly wounded.
The gnoll misses you.
You slash the gnoll!
The gnoll is severely wounded.
The gnoll hits you but does no damage.
You slash the gnoll!
You kill the gnoll!
The gnoll completely misses you. The gnoll barely misses you.
You barely miss the gnoll.
The gnoll is heavily wounded.
The gnoll closely misses you. You block the gnoll's attack.
You slash the gnoll!
You kill the gnoll!
The gnoll hits you from afar with a +0 halberd!
* * * LOW HITPOINT WARNING * * *
Your Fighting skill increases to level 4!
You block the gnoll's attack.
Items here: )) ††.
You barely miss the gnoll. You block the gnoll's attack.
The gnoll barely misses you.
You hit the gnoll but do no damage. The gnoll barely misses you.
You closely miss the gnoll. The gnoll hits you with a +0 halberd!
You die...

######.........#.# *,*,* *,*
...............#.# *,#,********,*
........#..#####.# *.#,,,,,,,,,,*
........##.#####.###.#,*******,,*
.............<##.....#,,,,,,,,,,,
.....................#.#.,****,**
..................)(.....,,,,,,*
......#......###g###.#.#.,******
#####.#......# #@# *,*,*,,,,,,,**
....*.#......# #.# *,*,*,,,,,,,,*
###.*.....#..# #.# *,*,,,,,,,,,,*
,,,,....#.##.#*#.#**,**********,*
,,,,....#.,...,...,,,* *,*
,,,,,..,*,,##.*#.#****** *,*
.,,,,,,,*,,,*.*#.# *,*,* *,*
.#***+***,,,*,,#.#**,,,* *,*
..,,,,,,*,,,,,,...,,,*,* *,*


You could see a gnoll.

Vanquished Creatures
  2 gnolls (D:2)
  A dart slug (D:1)
  5 ball pythons
  An endoplasm (D:1)
  2 giant cockroaches (D:1)
  5 goblins
  A hobgoblin (D:1)
  3 kobolds
  2 quokkas (D:1)
  3 bats
  3 frilled lizards
  3 rats
31 creatures vanquished.

Vanquished Creatures (others)
  13 toadstools (D:2)
13 creatures vanquished.

Grand Total: 44 creatures vanquished

Notes
Turn   | Place    | Note
-------+----------+-------------------------------------------
     0 | D:1      | vineage the Demonspawn Gladiator began the quest for the
                  | Orb.
     0 | D:1      | Reached XP level 1. HP: 16/16 MP: 1/1
   144 | D:1      | Gained mutation: You are partially covered in large bone
                  | plates. (SH +4) [demonic ancestry]
   144 | D:1      | Reached XP level 2. HP: 22/23 MP: 2/2
   201 | D:1      | Reached skill level 3 in Fighting
  1342 | D:2      | Found a faded altar of an unknown god.
  1366 | D:2      | Reached XP level 3. HP: 29/29 MP: 3/3
  1506 | D:2      | Reached skill level 4 in Fighting
  1509 | D:2      | Slain by a gnoll

Illustrated notes

Levels and vault maps discovered:
D:1:      lemuel_arrival_rhombus, layout_basic
D:2:      cheibrodos_fertilizer, layout_basic,
          hellmonk_ecumenical_altar_heavens_door

Skill      XL: |  1  2  3 |
---------------+----------+-----
Fighting       | 3 4 |  4.0
Axes           | |  2.6
Throwing       | |  1.7
Dodging        | |  2.6

Action                   || total
-------------------------++-------
Melee: War axe           ||    87
  Use: Scroll            ||     3
Armor: Leather armour    ||    22
Dodge: Dodged            ||    55
Block: Other             ||    13

Table legend: (Time is in decaauts)
 A = Elapsed time spent in this place.
 B = Non-inter-level travel time spent in this place.
 C = Inter-level travel time spent in this place.
 D = Time resting spent in this place.
 E = Time spent auto-exploring this place.
 F = Levels seen in this place.
 G = Mean time per level.
                   A        B        C        D        E       F      G
               +--------+--------+--------+--------+--------+-----+--------+
         Total |   1539 |   1444 |     95 |      0 |   1201 |   2 |  769.5 |
       Dungeon |   1539 |   1444 |     95 |      0 |   1201 |   2 |  769.5 |
               +--------+--------+--------+--------+--------+-----+--------+

Top non-repeatable levels by time:
     D:1: 1223 daAuts
     D:2: 315 daAuts
